Map: Curious Minds LE

Players

Trap - Winner!

  • Race: Protoss Protoss

Serral

  • Race: Zerg Zerg

Event: TSL 8

VOD

Have the link to the VOD?

Description

Time

  • Played on: Dec. 10, 2021, 6:40 a.m.
  • Length: 9:33

All games in this series

Show
View Real Time Build Order
Export as new Build Order

Trap Protoss - Winner!

Build Orders: 1 Gate Expand, Colossus Rush 

Get SALT Encoding   

  12  0:00  Probe  
  13  0:13  Pylon  
  13  0:17  Probe (Chrono Boost)  
  14  0:26  Probe (Chrono Boost)  
  15  0:31  Probe (Chrono Boost)  
  16  0:41  Gateway  
  16  0:43  Probe  
  16  0:49  Assimilator  
  17  0:55  Probe  
  18  1:07  Probe  
  19  1:19  Probe  
  20  1:25  Nexus  
  20  1:35  Cybernetics Core  
  20  1:37  Probe  
  21  1:44  Assimilator  
  21  1:49  Probe  
  21  1:53  Pylon  
  22  2:01  Probe  
  23  2:08  Stalker (Chrono Boost)  
  23  2:09  Probe  
  23  2:11  Warp Gate  
  26  2:17  Probe  
  27  2:24  Robotics Facility  
  27  2:29  Probe (Chrono Boost)  
  28  2:33  Adept  
  30  2:38  Probe (Chrono Boost)  
  32  2:46  Probe (Chrono Boost)  
  32  2:47  Probe (Chrono Boost)  
  33  2:52  Probe x2  
  35  3:00  Gateway  
  35  3:04  Probe x2  
  37  3:12  Adept, Robotics Bay  
  39  3:16  Probe x2  
  41  3:22  Warp Prism (Chrono Boost)  
  43  3:32  Probe  
  43  3:33  Pylon  
  44  3:34  Probe  
  44  3:41  Assimilator  
  45  3:44  Probe  
  45  3:46  Pylon  
  46  3:51  Observer (Chrono Boost), Probe  
  48  3:59  Adept x2  
  48  4:00  Probe  
  48  4:01  Assimilator  
  53  4:03  Probe  
  53  4:08  Disruptor  
  57  4:11  Gravitic Drive  
  57  4:18  Probe x2  
  57  4:20  Pylon  
  59  4:33  Zealot  
  59  4:35  Pylon  
  61  4:41  Disruptor (Chrono Boost)  
  61  4:45  Gateway, Probe x2  
  66  4:46  Gateway  
  66  4:50  Pylon  
  66  4:55  Sentry x2  
  70  5:12  Colossus (Chrono Boost)  
  70  5:13  Gateway  
  70  5:16  Extended Thermal Lance, Probe x2  
  70  5:18  Forge  
  78  5:30  Zealot  
  78  5:31  Zealot, Twilight Council  
  78  5:35  Pylon  
  82  5:41  Probe  
  82  5:42  Probe  
  84  5:56  Colossus (Chrono Boost)  
  81  5:57  Protoss Ground Weapons Level 1  
  81  5:59  Pylon  
  87  6:04  Probe x2  
  87  6:10  Sentry  
  89  6:21  Nexus, Blink (Chrono Boost)  
  89  6:23  Pylon  
  89  6:28  Sentry  
  89  6:30  Probe x2  
  93  6:33  Zealot, Shield Battery  
  95  6:43  Colossus (Chrono Boost)  
  95  6:44  Shield Battery  
  95  6:46  Shield Battery  
  101  6:47  Probe x2  
  103  6:55  Stalker  
  103  6:56  Stalker  
  103  6:58  Pylon  
  103  7:00  Stalker  
  109  7:07  Probe  
  110  7:10  Pylon  
  110  7:16  Probe  
  111  7:24  Probe  
  111  7:26  Colossus (Chrono Boost)  
  111  7:28  Probe  
  119  7:33  Stalker x2  
  119  7:34  Stalker  
  125  7:40  Gateway  
  125  7:42  Gateway  
  125  7:45  Gateway  
  125  7:48  Pylon  
  125  7:58  Stalker x4  
  131  8:08  Stalker  
  131  8:10  Photon Cannon  
  131  8:13  Pylon  
  131  8:21  Zealot x4  
  124  8:41  Stalker x3  
  124  8:42  Stalker x5  
  106  9:05  Stalker x7  
  106  9:06  Zealot  
Show
View Real Time Build Order
Export as new Build Order

Serral Zerg 

Build Orders: Hatch First 

Get SALT Encoding   

  12  0:00  Drone  
  13  0:12  Overlord  
  13  0:17  Drone  
  14  0:30  Drone x2  
  16  0:42  Drone  
  17  0:50  Hatchery  
  17  0:55  Drone  
  17  0:58  Drone  
  18  1:09  Extractor  
  17  1:13  Spawning Pool  
  17  1:16  Drone  
  17  1:20  Drone  
  18  1:28  Drone  
  19  1:38  Drone  
  20  1:48  Overlord  
  20  2:00  Queen  
  22  2:02  Zergling x4, Queen  
  26  2:10  Drone  
  26  2:13  Drone  
  26  2:15  Metabolic Boost  
  28  2:21  Drone  
  29  2:25  Drone  
  30  2:37  Queen  
  30  2:42  Hatchery  
  31  2:44  Drone  
  31  2:48  Drone  
  31  2:51  Overlord  
  33  2:53  Drone  
  33  2:56  Drone  
  33  2:57  Drone  
  36  3:04  Overlord  
  36  3:12  Drone x4  
  40  3:16  Queen  
  40  3:19  Drone  
  43  3:20  Drone  
  43  3:23  Drone  
  45  3:27  Queen  
  45  3:31  Overlord  
  45  3:34  Drone  
  48  3:35  Drone  
  48  3:41  Roach Warren  
  48  3:44  Drone  
  48  3:47  Drone x3  
  52  3:50  Overlord  
  52  3:57  Zergling x8  
  55  4:03  Zergling x2  
  55  4:05  Spore Crawler  
  55  4:06  Zergling x6  
  58  4:13  Overlord  
  58  4:14  Zergling x4  
  60  4:17  Spore Crawler  
  60  4:19  Spore Crawler  
  58  4:26  Spore Crawler  
  58  4:29  Drone x6  
  58  4:31  Drone  
  63  4:34  Drone  
  63  4:37  Lair  
  63  4:38  Overlord  
  66  4:39  Extractor  
  66  4:40  Drone  
  66  4:45  Extractor  
  65  4:46  Evolution Chamber  
  65  4:49  Drone x5  
  69  4:53  Overlord  
  69  4:55  Drone  
  69  4:56  Drone  
  71  5:01  Overlord  
  71  5:10  Extractor  
  71  5:11  Roach x4  
  71  5:13  Zerg Missile Weapons Level 1  
  78  5:15  Drone x2  
  78  5:17  Extractor  
  79  5:23  Drone x3  
  79  5:24  Drone x2  
  79  5:26  Roach x2  
  88  5:33  Roach x3  
  93  5:37  Glial Reconstitution  
  93  5:40  Overlord  
  93  5:43  Overlord  
  93  5:47  Drone x2  
  91  5:53  Drone x3  
  91  5:57  Roach x2  
  91  6:03  Overlord  
  95  6:05  Overlord  
  95  6:08  Roach x2  
  98  6:12  Spore Crawler  
  93  6:23  Drone x4  
  93  6:24  Drone  
  98  6:26  Zergling x12  
  98  6:30  Ravager x5  
  109  6:37  Overlord  
  109  6:38  Ravager  
  109  6:39  Ravager, Roach x2  
  114  6:43  Roach  
  114  6:44  Roach  
  114  6:46  Roach  
  120  6:53  Roach x3  
  126  7:03  Spire  
  126  7:04  Extractor  
  126  7:06  Drone x6  
  130  7:09  Drone x2  
  130  7:13  Baneling Nest  
  130  7:14  Zerg Melee Weapons Level 1  
  125  7:23  Drone x2  
  125  7:24  Drone  
  125  7:25  Drone x2  
  125  7:26  Drone  
  125  7:27  Drone  
  132  7:36  Hatchery  
  131  7:39  Overlord x2  
  131  7:40  Overlord  
  131  7:43  Overlord  
  130  7:51  Roach  
  130  7:52  Roach x2  
  136  7:59  Overlord  
  136  8:00  Overlord  
  136  8:04  Roach  
  136  8:05  Roach x6  
  150  8:10  Ravager x4  
  153  8:13  Roach x4  
  153  8:19  Roach x4  
  167  8:26  Roach  
  167  8:27  Roach x4  
  159  8:39  Roach x7  
  139  8:52  Roach x7  
  139  8:53  Roach  
  134  8:56  Roach  
  134  8:57  Roach  
  134  9:00  Roach x2  
  117  9:05  Roach x3  
  117  9:07  Roach  
Tags
 
Add a new tag
Caveats
  • Supply blocks, unpowered buildings, or Contaminate may cause inaccurate times.
  • Supply counts are checked every 10 seconds.